 Dungeon Crawl Stone Soup version 0.23.2-33-g5129a83184 (console) character file.

Game seed: 15265503592205648837

447 FlyingSalmon the Spear-Bearer (level 7, -13/52 HPs)
             Began as a Merfolk Gladiator on July 29, 2019.
             Was an Initiate of Elyvilon.
             Mangled by an ogre
             ... wielding a +0 giant spiked club
              (16 damage)
             ... on level 3 of the Dungeon.
             The game lasted 00:18:03 (3987 turns).

FlyingSalmon the Spear-Bearer (Merfolk Gladiator)   Turns: 3987, Time: 00:18:03

Health: -13/52     AC: 11    Str: 16    XL:     7   Next: 3%
Magic:  7/7        EV: 14    Int:  7    God:    Elyvilon [......]
Gold:   212        SH:  0    Dex: 20    Spells: 6/6 levels left

rFire    . . .     SeeInvis .   k - +0 halberd
rCold    . . .     Gourm    .   (shield currently unavailable)
rNeg     . . .     Faith    .   r - +0 ring mail
rPois    .         Spirit   .   z - +1 helmet
rElec    .         Reflect  .   s - +0 cloak
rCorr    .         Harm     .   h - +0 pair of gloves
MR       .....                  y - +1 pair of boots
Stlth    +.........             (no amulet)
HPRegen  0.17/turn              m - +4 ring of dexterity
MPRegen  0.10/turn              (no ring)

@: no status effects
A: change form in water, swift swim, stealthy swim
a: Renounce Religion


You were on level 3 of the Dungeon.
You worshipped Elyvilon.
Elyvilon was noncommittal.
You were not hungry.

You visited 1 branch of the dungeon, and saw 4 of its levels.

You collected 212 gold pieces.

Inventory:

Hand Weapons
 a - a +0 trident
 k - a +0 halberd (weapon)
Missiles
 d - 3 throwing nets
 i - 32 stones (quivered)
Armour
 b - a +0 leather armour
 h - a +0 pair of gloves (worn)
 r - a +0 ring mail (worn)
 s - a +0 cloak (worn)
 y - a +1 pair of boots (worn)
 z - a +1 helmet (worn)
Jewellery
 m - a +4 ring of dexterity (left hand)
 x - an uncursed ring of see invisible {unknown}
Scrolls
 j - a scroll of magic mapping {unknown}
 l - a scroll of fear {unknown}
 o - a scroll of remove curse {unknown}
 p - 2 scrolls of amnesia
 q - a scroll of blinking {unknown}
 t - a scroll of enchant weapon {unknown}
 v - a scroll of teleportation {unknown}
Potions
 g - 2 potions of haste
 n - a potion of ambrosia {unknown}
 u - a potion of might {unknown}
 w - a potion of degeneration {unknown}
Comestibles
 c - 4 chunks of flesh
 f - 10 rations


   Skills:
 + Level 3.5 Fighting
 + Level 8.1 Polearms
 + Level 3.5 Throwing
 + Level 1.1 Armour
 + Level 5.3 Dodging


You had 6 spell levels left.
You didn't know any spells.
Your spell library contained the following spells:

 Spells                   Type           Power        Failure   Level  Hunger
 Animate Skeleton         Necr           N/A          65%         1    ##.....
 Apportation              Tloc           #.....       65%         1    ##.....
 Confusing Touch          Hex            #.....       65%         1    ##.....
 Summon Small Mammal      Summ           #...         65%         1    ##.....


Dungeon Overview and Level Annotations

Branches:
Dungeon (4/15)
 Temple: D:4-7

Altars:
Dithmenos
Elyvilon

Shops:
D:4 =


Message History

You completely miss the ogre.
The ogre is severely wounded.
The ogre hits you with a +0 giant spiked club!
You closely miss the ogre.
The ogre is heavily wounded.
You barely miss the ogre.
The ogre is heavily wounded.
The ogre hits you with a +0 giant spiked club!!
* * * LOW HITPOINT WARNING * * *
You feel better. The ogre closely misses you.
You slash the ogre!
The ogre is almost dead.
The ogre hits you with a +0 giant spiked club!
* * * LOW HITPOINT WARNING * * *
You hit the ogre but do no damage.
The ogre is almost dead.
You closely miss the ogre.
The ogre is almost dead.
The ogre hits you with a +0 giant spiked club!
You die...

######## .......##########
.#####..........## .#
#.#######...########### .#
##...)..[..#@O[).......# .#
##...##.###...#########.#
.###....##.# ##.## #.#
.......###.####.# #.#
................# #.#
..#.###......#..# #.#
..#.######.#.#..# #.#
.)#.............# #.#
.<#............^##########.#


You could see an ogre.

Vanquished Creatures
  An ogre (D:4)
  A bullfrog skeleton (D:4)
  A hound (D:4)
  An orc priest (D:3)
  A centaur skeleton (D:4)
  2 orc wizards (D:3)
  A worker ant (D:3)
  A gnoll (D:1)
  6 adders
  5 worms
  4 leopard geckos
  4 orcs
  2 ball pythons (D:3)
  11 bats
  A giant cockroach (D:1)
  12 goblins
  7 hobgoblins
  11 jackals
  A quokka (D:2)
  10 frilled lizards
  A jackal skeleton (D:4)
  6 kobolds
  10 rats
100 creatures vanquished.

Notes
Turn   | Place    | Note
-------+----------+-------------------------------------------
     0 | D:1      | FlyingSalmon the Merfolk Gladiator began the quest for the
                  | Orb.
     0 | D:1      | Reached XP level 1. HP: 16/16 MP: 1/1
   232 | D:1      | Reached XP level 2. HP: 22/23 MP: 2/2
   615 | D:1      | Reached skill level 5 in Polearms
   615 | D:1      | Reached XP level 3. HP: 27/28 MP: 3/3
  1278 | D:1      | Reached XP level 4. HP: 34/34 MP: 4/4
  1449 | D:2      | Reached skill level 5 in Dodging
  1638 | D:2      | Found a shadowy altar of Dithmenos.
  1764 | D:2      | Reached skill level 6 in Polearms
  2399 | D:3      | Reached XP level 5. HP: 41/41 MP: 5/5
  2886 | D:3      | Found a white marble altar of Elyvilon.
  2939 | D:3      | Became a worshipper of Elyvilon the Healer
  3279 | D:4      | Reached skill level 7 in Polearms
  3279 | D:4      | Reached XP level 6. HP: 47/47 MP: 6/6
  3430 | D:4      | Reached skill level 1 in Armour
  3604 | D:3      | Reached skill level 8 in Polearms
  3930 | D:4      | Found Axudd's Jewellery Emporium.
  3937 | D:4      | Reached XP level 7. HP: 49/52 MP: 7/7
  3987 | D:3      | Mangled by an ogre

Skill      XL: |  1  2  3  4  5  6 |
---------------+-------------------+-----
Polearms       | 5 6 7 8 |  8.1
Dodging        | 5 |  5.3
Fighting       | 3 |  3.5
Throwing       | 3 |  3.5
Armour         | 1 |  1.1

Action                   |  1- 3 |  4- 6 |  7- 9 || total
-------------------------+-------+-------+-------++-------
Melee: Trident           |   157 |       |       ||   157
       Halberd           |     6 |   154 |     8 ||   168
Throw: Stone             |     4 |   126 |       ||   130
       Throwing net      |     1 |       |       ||     1
  Use: Scroll            |       |     3 |     1 ||     4
       Potion            |       |     3 |     1 ||     4
 Stab: Distracted        |     1 |       |       ||     1
       Sleeping          |     5 |       |       ||     5
  Eat: Chunk             |     1 |     9 |       ||    10
Armor: Leather armour    |    32 |    13 |       ||    45
       Ring mail         |       |    29 |       ||    29
Dodge: Dodged            |    84 |    98 |     2 ||   184
